[Event "Prague Festival Challengers 2024"]
[Site "Prague"]
[Date "2024.02.27"]
[Round "1.1"]
[White "Korobov, Anton"]
[Black "Viashali, Rameshbabu"]
[Result "1-0"]
[ECO "D38"]
[WhiteElo "2663"]
[BlackElo "2481"]
[Annotator "TA"]
[PlyCount "57"]
[EventDate "2024.02.22"]
[EventType "tourn"]
[EventCountry "CZE"]
[SourceTitle "playchess.com"]
[Source "ChessBase"]
[SourceQuality "1"]
[TimeControl "40/5400+30:1800+30"]

1. d4 d5 2. c4 e6 3. Nf3 Nf6 4. Nc3 Nbd7 5. cxd5 exd5 6. Bg5 Bb4 7. Qc2 c5 8. e3 O-O 9. Bd3 {[%emt 0:00:20][%cal Od3h7] Black must now prevent Bxh7+!} Qb6 10. O-O {[%emt 0:00:54] And now Na4 would win.} c4 {[%emt 0:00:51] White has an edge.} 11. Bf5 Qc6 12. a4 Re8 13. Rfc1 h6 14. Bh4 a5 15. Nb5 {[%emt 0:04:35] White is more active.} Nf8 {[%emt 0:16:53] [#]} (15... Nb6 $14) 16. b3 $1 $16 c3 17. Bd3 Ne4 18. Ne5 {[%emt 0:03:29] Prevents Ng6} Qb6 19. Bxe4 dxe4 20. Nc4 {[%emt 0:02:33] A dynamic duo of knights.} Qc6 21. Nxc3 Bxc3 22. Qxc3 Be6 23. Qd2 (23. Nxa5 $2 {perishes.} Qxc3 24. Rxc3 Rxa5 $19) 23... Qa6 (23... Bd5 {is a better defense.} 24. Nxa5 Qa6) 24. d5 $18 Bd7 25. Bg3 Ng6 26. Qd4 Rad8 27. Nd6 Re7 28. Nxe4 Bc6 29. Nd6 {[%emt 0:00:54] Weighted Error Value: White=0.05 (flawless) /Black=0.29 (precise) .  Mistake:       	---       	Black=2      Inaccurate:     	---       	Black=2      OK:         	White=15    	Black=6      Strong:       	White=1     	---} 1-0

[Event "Prague Festival Challengers 2024"]
[Site "Prague"]
[Date "2024.02.27"]
[Round "1.2"]
[White "Mishra, Abhimanyu"]
[Black "Gurel, Ediz"]
[Result "1/2-1/2"]
[ECO "D12"]
[WhiteElo "2627"]
[BlackElo "2560"]
[Annotator "TA"]
[PlyCount "83"]
[EventDate "2024.02.22"]
[EventType "tourn"]
[EventCountry "CZE"]
[SourceTitle "playchess.com"]
[Source "ChessBase"]
[SourceQuality "1"]
[TimeControl "40/5400+30:1800+30"]

1. d4 d5 2. Nf3 Nf6 3. c4 c6 4. e3 Bf5 5. Nc3 e6 6. Nh4 Be4 7. f3 Bg6 8. Qb3 Qb6 9. Nxg6 hxg6 10. Bd2 Nbd7 11. Kf2 Be7 12. Qxb6 {[%emt 0:02:14] White is slightly better.} axb6 13. a4 Bb4 14. Be2 dxc4 15. Bxc4 e5 16. h4 O-O 17. g4 Rfd8 18. Rhd1 Kf8 19. Bb3 Ne8 20. g5 Ba5 21. Ne4 exd4 22. exd4 Bxd2 23. Rxd2 b5 $1 24. a5 Nb6 25. Rdd1 Nc4 26. Bxc4 bxc4 27. Nc5 Nd6 28. Ra4 Ra7 29. Rda1 Kg8 30. Re1 Re8 {[%emt 0:04:17] Against Re7} (30... Rda8 $11 31. Rea1 Kh7) 31. Rxe8+ $14 Nxe8 {[%emt 0:00:01][%mdl 4096] Endgame. KRN-KRN} 32. Ke3 (32. Rxc4 Rxa5 33. Nxb7 Rb5) 32... Nd6 {[%emt 0:01:36] [#]} 33. d5 {[%emt 0:02:45] White is more active.} cxd5 $11 {[%emt 0:03:14] The position is equal.} 34. Kd4 Nb5+ $1 35. Kxd5 c3 36. b4 {[%emt 0:00:53] Nb3 is the strong threat.} c2 37. Ra1 {[%emt 0:00:06] aiming for Rc1.} b6 38. Nb3 {[%emt 0:01:44] [#] Hoping for Kc6.} (38. axb6 $2 {loses.} Rxa1 39. b7 Rd1+ (39... c1=Q $2 40. b8=Q+ Kh7 41. Qxb5 $19) 40. Kc6 Nd4+ (40... c1=R $2 {perishes.} 41. b8=Q+ Kh7 42. Qxb5 $18) 41. Kb6 c1=Q $19 (41... c1=B $2 {is the wrong capture.} 42. b8=Q+ Kh7 43. Qb7 $18)) (38. Kc6 $2 bxc5 39. Kxb5 cxb4 $19 (39... Rb7+ $2 40. Kxc5 Rd7 41. Rc1 $18)) 38... bxa5 $1 39. bxa5 {[%emt 0:00:47] Strongly threatening Kc6.} Rc7 40. Rc1 Nc3+ 41. Kd6 Nb5+ 42. Kd5 {[%emt 0:05:36] Weighted Error Value: White=0.09 (flawless) /Black=0.06 (flawless) .  Mistake:       	White=1     	Black=1      Inaccurate:     	White=3     	Black=2      OK:         	White=17    	Black=12     Best:        	White=1     	Black=5      Strong:       	---       	Black=3} 1/2-1/2

[Event "Prague Festival Challengers 2024"]
[Site "Prague"]
[Date "2024.02.27"]
[Round "1.3"]
[White "Finek, Vaclav"]
[Black "Stalmach, Richard"]
[Result "1/2-1/2"]
[ECO "E11"]
[WhiteElo "2416"]
[BlackElo "2433"]
[Annotator "TA"]
[PlyCount "96"]
[EventDate "2024.02.22"]
[EventType "tourn"]
[EventCountry "CZE"]
[SourceTitle "playchess.com"]
[Source "ChessBase"]
[SourceQuality "1"]
[TimeControl "40/5400+30:1800+30"]

1. d4 Nf6 2. c4 e6 3. g3 d5 4. Nf3 Bb4+ 5. Bd2 Be7 6. Bg2 O-O 7. O-O Nbd7 8. Bc3 b6 9. cxd5 exd5 10. Bd2 Ne4 11. Bf4 g5 (11... Bb7 $11) 12. Bd2 (12. Be3 $14) 12... Bb7 $11 13. Nc3 Nd6 {[%emt 0:05:21] [#]} (13... f5 $11 {keeps the balance.}) 14. Qc1 $1 $16 f6 15. h4 h6 16. Bh3 Kg7 17. Be6 (17. Kg2 $16) 17... c6 $14 18. Nd1 Rh8 19. Ne3 Nf8 20. Nf5+ Nxf5 21. Bxf5 Bc8 22. Bd3 {[%emt 0:06:16] White is more active.} (22. Qxc6 $2 Bxf5 23. Rfc1 Rc8 $19) 22... Bh3 23. Re1 Rc8 24. e4 Ne6 25. Bc3 (25. Qb1 $16) 25... Re8 (25... Qd7 $14) 26. Qd1 $16 {[%emt 0:05:01] Kh2 is the strong threat.} Qd7 27. exd5 cxd5 28. Nh2 ({White should play} 28. a4 $16) 28... Bd6 $14 29. Qh5 {[%emt 0:02:48] [#] Strongly threatening hxg5.} (29. Qf3 {is interesting.} gxh4 30. Qh5 Qf7 31. Qxh4 Ng5 32. Kh1) 29... Qf7 30. Qxf7+ Kxf7 31. Be2 (31. h5 $11) 31... gxh4 $1 $15 32. Bh5+ Ke7 33. Bxe8 (33. gxh4 $2 Rg8+ $19) 33... hxg3 34. fxg3 Rxe8 35. Nf1 {[%emt 0:00:50] White is weak on the light squares} (35. Re3 $15) 35... Rg8 $17 {[%emt 0:00:47][%cal Oe7d7][%mdl 1024] Black has strong compensation.} 36. Re3 Kd7 37. Kf2 f5 38. Nd2 f4 (38... Ng5 $17 39. Rae1 Bg4) 39. gxf4 $11 Rg2+ {[%emt 0:00:30] The position is equal.} 40. Kf1 $1 Rg3+ (40... Rxd2+ $2 {too greedy.} 41. Rxh3 Rc2 42. Rxh6 $18 (42. f5 Ng5 $18)) 41. Kf2 Rg2+ 42. Kf1 $1 Rh2+ (42... Rxd2+ 43. Rxh3 Rc2 44. f5 $18 (44. Rxh6 Bxf4 45. Rh7+ Kc6 $18)) 43. Kg1 $1 Bxf4 {[%emt 0:00:09] Threatens to win with ...Rg2+.} 44. Rf3 Rg2+ $1 45. Kh1 {[%emt 0:01:55] Nf1 would now be deadly.} Rh2+ 46. Kg1 Rg2+ $1 47. Kh1 {[%emt 0:00:00] Black must now prevent Nf1.} Rh2+ 48. Kg1 Rg2+ {[%emt 0:00:00] Weighted Error Value: White=0.13 (very precise) /Black=0.13 (very precise) .  Mistake:       	White=6     	Black=4      Inaccurate:     	White=1     	Black=1      OK:         	White=10    	Black=16     Best:        	White=7     	Black=7      Strong:       	White=4     	Black=3} 1/2-1/2

[Event "Prague Festival Challengers 2024"]
[Site "Prague"]
[Date "2024.02.27"]
[Round "1.4"]
[White "Rodshtein, Maxim"]
[Black "L'Ami, Erwin"]
[Result "1/2-1/2"]
[ECO "D78"]
[WhiteElo "2580"]
[BlackElo "2627"]
[Annotator "TA"]
[PlyCount "61"]
[EventDate "2024.02.22"]
[EventType "tourn"]
[EventCountry "CZE"]
[SourceTitle "playchess.com"]
[Source "ChessBase"]
[SourceQuality "1"]
[TimeControl "40/5400+30:1800+30"]

1. Nf3 d5 2. g3 g6 3. Bg2 Bg7 4. d4 Nf6 5. c4 c6 6. O-O O-O 7. b3 a5 8. Nc3 Ne4 9. Bb2 Bf5 10. e3 Nxc3 11. Bxc3 Be4 12. Bh3 e6 13. Nd2 Bd3 14. Re1 Nd7 15. Rc1 Nf6 16. Bb2 {[%emt 0:11:37] Rc3 would now be deadly.} h5 $1 17. Bg2 b5 18. Nf3 Be4 ({Much worse is} 18... dxc4 19. Ne5 $16) 19. Ne5 {[%emt 0:00:44] [#] And now f3 would win.} Bxg2 {[%emt 0:02:02] The position is equal.} 20. Kxg2 Qb6 21. cxd5 cxd5 22. Rc6 Qb7 23. Qc2 Rfc8 24. Rc1 Rxc6 25. Qxc6 Qxc6 26. Rxc6 b4 27. a4 bxa3 28. Bxa3 Ne4 29. Nd7 Nd2 30. Nc5 Rb8 31. Ra6 {[%emt 0:00:31] A rather calm draw.   Weighted Error Value: White=0.06 (flawless) /Black=0.02 (flawless) .  OK:         	White=6     	Black=12     Best:        	White=1     	---        Strong:       	---       	Black=1} 1/2-1/2

[Event "Prague Festival Challengers 2024"]
[Site "Prague"]
[Date "2024.02.27"]
[Round "1.5"]
[White "Santos Latasa, Jaime"]
[Black "Hrbek, Stepan"]
[Result "1/2-1/2"]
[ECO "A13"]
[WhiteElo "2615"]
[BlackElo "2426"]
[Annotator "TA"]
[PlyCount "61"]
[EventDate "2024.02.22"]
[EventType "tourn"]
[EventCountry "CZE"]
[SourceTitle "playchess.com"]
[Source "ChessBase"]
[SourceQuality "1"]
[TimeControl "40/5400+30:1800+30"]

1. Nf3 d5 2. g3 Nf6 3. Bg2 c5 4. O-O e6 5. c4 d4 6. e3 Nc6 7. exd4 cxd4 8. d3 Bc5 9. Nbd2 O-O 10. Nb3 Be7 11. Re1 a5 12. a4 Qb6 13. Bd2 Nd7 14. Ng5 Bxg5 15. Bxg5 Nc5 16. Nxc5 Qxc5 17. Bd2 Ra6 18. f4 Rb6 19. Rb1 f6 20. b3 Nb4 21. Qe2 Re8 22. Be4 Bd7 23. h4 Bc6 24. Qf3 Bxe4 25. Rxe4 Rd6 {[%emt 0:00:09] The position is equal.} 26. Bxb4 Qxb4 27. Qh5 Re7 28. Qd1 Rb6 29. Qc2 (29. Rxd4 $2 {loses.} Qc5 30. Kh2 Qxd4 $19) 29... Qc3 30. Re2 Qxc2 31. Rxc2 {[%emt 0:00:08] Weighted Error Value: White=0.06 (flawless) /Black=0.06 (flawless) .  Inaccurate:     	---       	Black=1      OK:         	White=5     	Black=12} 1/2-1/2

[Event "Prague Festival Challengers 2024"]
[Site "Prague"]
[Date "2024.02.28"]
[Round "2.1"]
[White "Hrbek, Stepan"]
[Black "Korobov, Anton"]
[Result "1/2-1/2"]
[ECO "B48"]
[WhiteElo "2426"]
[BlackElo "2663"]
[Annotator "TA"]
[PlyCount "66"]
[EventDate "2024.02.22"]
[EventType "tourn"]
[EventCountry "CZE"]
[SourceTitle "playchess.com"]
[Source "ChessBase"]
[SourceQuality "1"]
[TimeControl "40/5400+30:1800+30"]

1. e4 c5 2. Nf3 e6 3. d4 cxd4 4. Nxd4 Nc6 5. Nc3 Qc7 6. Be3 a6 7. g4 h6 8. h4 Nf6 9. Nxc6 bxc6 10. Qf3 Rb8 11. g5 hxg5 12. hxg5 Rxh1 13. Qxh1 Ng4 14. Bc1 d5 15. f4 Qb6 16. Nd1 {[%emt 0:01:28] Prevents Qf2+} Qb4+ 17. c3 Qxe4+ 18. Qxe4 dxe4 19. Bg2 f5 {[%emt 0:06:38] [#] ...Bd6 is the strong threat.} 20. gxf6 gxf6 {[%emt 0:07:42] Threatens to win with ...f5.} 21. Bxe4 c5 22. b3 f5 23. Bc6+ Bd7 24. Bf3 Bg7 25. Ba3 Rc8 26. Rb1 Bc6 27. Bxc6+ Rxc6 28. Ke2 Bh6 29. Bc1 Nf6 {[%emt 0:00:29] The position is equal.} 30. c4 Ne4 31. Be3 Kf7 32. Rc1 Bg7 33. Rc2 e5 {[%emt 0:01:56] Weighted Error Value: White=0.05 (flawless) /Black=0.06 (flawless) .  Inaccurate:     	White=1     	Black=2      OK:         	White=14    	Black=12     Best:        	White=3     	---} 1/2-1/2

[Event "Prague Festival Challengers 2024"]
[Site "Prague"]
[Date "2024.02.28"]
[Round "2.2"]
[White "Gurel, Ediz"]
[Black "Vaishali, Rameshbabu"]
[Result "1-0"]
[ECO "B33"]
[WhiteElo "2560"]
[BlackElo "2481"]
[Annotator "TA"]
[PlyCount "55"]
[EventDate "2024.02.22"]
[EventType "tourn"]
[EventCountry "CZE"]
[SourceTitle "playchess.com"]
[Source "ChessBase"]
[SourceQuality "1"]
[TimeControl "40/5400+30:1800+30"]

1. e4 c5 2. Nf3 e6 3. d4 cxd4 4. Nxd4 Nf6 5. Nc3 Nc6 6. Ndb5 d6 7. Bf4 e5 8. Bg5 a6 9. Na3 b5 10. Nd5 Be7 11. Bxf6 Bxf6 12. c3 Rb8 13. Nc2 Bg5 {[%emt 0:00:13] [#]} 14. h4 Bh6 15. a4 bxa4 16. Ncb4 {[%emt 0:00:28] White is slightly better.} Nxb4 17. Nxb4 Bd7 {[%emt 0:04:08] Inhibits Nc6. Threatens to win with ...a5.} 18. Qxd6 Rb6 $2 {[%emt 0:01:50] [#]} (18... Be6 $16 {was necessary.} 19. Qc6+ (19. Qxe5 $2 Qd2#) 19... Bd7) 19. Qc5 $1 $18 ({Stronger than} 19. Qxe5+ Re6 20. Qd4 O-O $11) 19... Bg4 20. Nd5 (20. Rxa4 $2 Bd2#) 20... Rxb2 (20... Rd6 21. Rxa4 O-O 22. Bxa6 (22. Rxa6 Rxa6 23. Bxa6 Qa8 $18) 22... Kh8) 21. Bxa6 {[%emt 0:00:37] White is clearly winning.} Bd2+ 22. Kf1 f6 23. h5 (23. Rxa4 $2 Rb1#) 23... Kf7 24. Bc4 (24. Rxa4 $2 Rb1#) 24... Be6 25. Nc7 Bxc4+ 26. Qxc4+ Ke7 27. Rxa4 {[%emt 0:07:16] Nd5+ would kill now.} Rb1+ 28. Ke2 {[%emt 0:01:28] Black did not feel at home in the position after the opening.   Weighted Error Value: White=0.08 (flawless) /Black=0.79.  Mistake:       	---       	Black=2      Inaccurate:     	---       	Black=2      OK:         	White=2     	Black=1      Best:        	White=2     	---        Strong:       	White=1     	---} 1-0

[Event "Prague Festival Challengers 2024"]
[Site "Prague"]
[Date "2024.02.28"]
[Round "2.3"]
[White "Stalmach, Richard"]
[Black "Santos Latasa, Jaime"]
[Result "1/2-1/2"]
[ECO "E04"]
[WhiteElo "2433"]
[BlackElo "2615"]
[Annotator "TA"]
[PlyCount "74"]
[EventDate "2024.02.22"]
[EventType "tourn"]
[EventCountry "CZE"]
[SourceTitle "playchess.com"]
[Source "ChessBase"]
[SourceQuality "1"]
[TimeControl "40/5400+30:1800+30"]

1. d4 Nf6 2. c4 e6 3. Nf3 d5 4. g3 Bb4+ 5. Nbd2 dxc4 6. Bg2 b5 7. a3 Be7 8. b3 cxb3 9. Qxb3 a6 10. a4 bxa4 11. Qxa4+ Bd7 12. Qc2 Bb5 13. Nb3 Nc6 14. O-O O-O 15. Ba3 Rb8 16. Rfc1 Bxa3 (16... Bxe2 $5 17. Qxe2 Rxb3 18. Bxe7 Nxe7 $15) 17. Rxa3 Qd6 18. Rca1 e5 19. dxe5 Nxe5 20. Nxe5 Qxe5 21. e3 h5 22. Nc5 Rfd8 23. f4 (23. Nxa6 $11 Bxa6 24. Rxa6) 23... Qe7 $15 24. e4 $2 {[%emt 0:03:54] [#]} (24. Nb7 $15) 24... Rb6 $2 (24... Rd4 $1 $19 {[%cal Rd4c4] And now ...Rc4 would win.} 25. Nxa6 Rbd8) 25. e5 $1 Nd5 26. Ne4 Rc6 27. Qf2 {[%emt 0:00:50] [#]} Qxa3 28. Rxa3 $11 {[%emt 0:00:08] The position is equal.} ({Wrong is} 28. Nf6+ $2 Nxf6 (28... gxf6 $2 29. Rxa3 Rc1+ 30. Bf1 $19) 29. Rxa3 Rd1+ $19 (29... Rc1+ $2 30. Bf1 $19) (29... Rc1+ $2 30. Bf1 $19)) 28... Rc1+ 29. Bf1 $1 Rxf1+ 30. Qxf1 Bxf1 31. Kxf1 {[%emt 0:00:03][%mdl 4096] Endgame. KRN-KRN} Nb4 32. Ra4 Rb8 33. Nc5 Rb6 34. Ke2 Rc6 35. Ra5 Rb6 36. Ra4 Rc6 37. Ra5 Rb6 {[%emt 0:07:01] Weighted Error Value: White=0.18 (very precise) /Black=0.14 (very precise) .  Loses game:     	White=1     	---        Missed win:     	---       	Black=1      Mistake:       	White=1     	Black=1      Inaccurate:     	White=2     	Black=1      OK:         	White=15    	Black=13     Best:        	---       	Black=2      Strong:       	White=2     	---} 1/2-1/2

[Event "Prague Festival Challengers 2024"]
[Site "Prague"]
[Date "2024.02.28"]
[Round "2.4"]
[White "L'Ami, Erwin"]
[Black "Finek, Vaclav"]
[Result "1/2-1/2"]
[ECO "C01"]
[WhiteElo "2627"]
[BlackElo "2416"]
[Annotator "TA"]
[PlyCount "95"]
[EventDate "2024.02.22"]
[EventType "tourn"]
[EventCountry "CZE"]
[SourceTitle "playchess.com"]
[Source "ChessBase"]
[SourceQuality "1"]
[TimeControl "40/5400+30:1800+30"]

1. e4 e5 2. Nf3 Nf6 3. Nxe5 d6 4. Nf3 Nxe4 5. d3 Nf6 6. d4 d5 7. Bd3 c5 8. dxc5 Bxc5 9. Qe2+ Be7 10. Bb5+ Nc6 11. Ne5 {[%emt 0:01:49] Black has an edge.} Bd7 12. Nxd7 Qxd7 13. O-O O-O {[%emt 0:01:21][%cal Oc6d4] [#] Hoping for ...Nd4!} 14. Nc3 Rfe8 15. Qf3 a6 16. Ba4 Rac8 (16... b5 $5 17. Bb3 $8 Ne5 $15) 17. Bg5 {[%emt 0:08:26] The position is equal.} b5 18. Bb3 Ne5 19. Qd1 d4 20. Bxf6 Bxf6 21. Nd5 Qf5 22. a4 (22. Qxd4 $2 {perishes.} Nf3+ 23. gxf3 Bxd4 $19) 22... Nc4 23. Nxf6+ Qxf6 24. axb5 {[%emt 0:00:08] White is weak on the dark squares} axb5 25. Ra2 Ra8 26. Rxa8 Rxa8 27. Qd3 Rc8 28. Re1 g6 29. h3 Kg7 30. Re4 Nxb2 31. Qxd4 Qxd4 32. Rxd4 $11 {[%emt 0:00:09][%mdl 4096] Endgame. KRB-KRN} Rc7 33. f4 Na4 34. Kh2 Nc5 35. Rd5 h5 36. h4 f5 37. g3 Nxb3 38. cxb3 {[%emt 0:00:09][%cal Bc2b3,Bb3b4,Bb4b5,Bb5b6,Bb6b7][%mdl 32] KR-KR} Rc2+ 39. Kh3 Rb2 40. Rxb5 Kf7 41. Rb6 Kg7 42. b4 Kf7 43. Rb7+ Kf6 44. b5 Ke6 45. Rb8 Kf6 46. b6 Kg7 47. b7 Kh7 48. Rc8 {[%emt 0:00:07] An even fight not without its subleties.   Weighted Error Value: White=0.04 (flawless) /Black=0.03 (flawless) .  Inaccurate:     	White=1     	Black=1      OK:         	White=19    	Black=20     Best:        	White=1     	Black=1} 1/2-1/2

[Event "Prague Festival Challengers 2024"]
[Site "Prague"]
[Date "2024.02.28"]
[Round "2.5"]
[White "Mishra, Abhimanyu"]
[Black "Rodshtein, Maxim"]
[Result "1/2-1/2"]
[ECO "E11"]
[WhiteElo "2627"]
[BlackElo "2580"]
[Annotator "TA"]
[PlyCount "80"]
[EventDate "2024.02.22"]
[EventType "tourn"]
[EventCountry "CZE"]
[SourceTitle "playchess.com"]
[Source "ChessBase"]
[SourceQuality "1"]
[TimeControl "40/5400+30:1800+30"]

1. d4 Nf6 2. c4 e6 3. Nf3 d5 4. g3 Bb4+ 5. Bd2 Be7 6. Bg2 c6 7. O-O Nbd7 8. Qc2 O-O 9. Rc1 a5 10. a3 b6 11. cxd5 cxd5 12. Nc3 Ba6 13. Bg5 Qb8 14. e3 Rc8 15. Bf1 Bxf1 16. Kxf1 b5 {[%emt 0:00:22] [#] ...b4 is the strong threat.} 17. Qd3 b4 18. Nb5 bxa3 19. bxa3 Qb7 20. Nd2 a4 21. Bf4 Ne8 {[%emt 0:09:26] Repels Bd6} ({Black should play} 21... Qa6 $17 {Threatens to win with ...Rxc1+.} 22. Ke2 Rxc1 23. Rxc1 Ne4) 22. g4 Nb6 23. Rxc8 Rxc8 24. Rb1 Qa6 25. Ke2 Nc4 {[%emt 0:00:27] Wards off Nd6} 26. Nxc4 Rxc4 27. g5 g6 28. Kf3 Nd6 (28... Rc6 $17) 29. Nxd6 $11 Bxd6 30. Bxd6 (30. Bg3 $1 $11) 30... Qxd6 {[%emt 0:00:05][%mdl 4096] Endgame. KQR-KQR} 31. Kg2 Qd8 32. h4 h6 $1 33. Rh1 {[%emt 0:01:49] [#]} (33. Qd1 $142) 33... hxg5 ({Better is} 33... h5 $1 $17 34. Rd1 Kg7) 34. h5 $15 gxh5 (34... Qf6 $1 $15 35. hxg6 Qxg6 (35... fxg6 36. Qb1 $14) 36. Qxg6+ fxg6) 35. Rxh5 $11 {[%emt 0:00:10] Black must now prevent e4. The position is equal.} Qf6 36. Qb1 $36 {[%emt 0:01:46][%mdl 2048] Threatening mate with Qb8+. White has good play.} Kg7 $1 {[%emt 0:02:00] ...Qg6 would now be deadly.} 37. Rh7+ (37. Qb8 $5 Kg6 $8 38. Rh8 $11) 37... Kg8 38. Rh5 {[%emt 0:00:21] White threatens Qb8+ and mate.} (38. Rh1 $5 Kg7 $8 39. Rh7+ Kg8 40. Rh3 $11) 38... Kg7 $1 {[%emt 0:00:09] Hoping for ...Qg6.} 39. Rh7+ (39. Qb8 $5 Kg6 $8 40. Rh8 $11) 39... Kg8 40. Rh5 {[%emt 0:01:52] White wants to mate with Qb8+.} (40. Rh3 $5 Kg7 $8 41. Qb8 $11 (41. Qh7+ Kf8 $11)) 40... Kg7 $1 {[%emt 0:00:36] Weighted Error Value: White=0.15 (very precise) /Black=0.12 (very precise) .  Mistake:       	White=2     	Black=4      Inaccurate:     	White=5     	Black=1      OK:         	White=9     	Black=13     Best:        	White=2     	Black=2      Strong:       	---       	Black=4} 1/2-1/2

[Event "Prague Festival Challengers 2024"]
[Site "Prague"]
[Date "2024.02.29"]
[Round "3.1"]
[White "Rodshtein, Maxim"]
[Black "Gurel, Ediz"]
[Result "1/2-1/2"]
[ECO "D11"]
[WhiteElo "2580"]
[BlackElo "2560"]
[Annotator "TA"]
[PlyCount "100"]
[EventDate "2024.02.22"]
[EventType "tourn"]
[EventCountry "CZE"]
[SourceTitle "playchess.com"]
[Source "ChessBase"]
[SourceQuality "1"]
[TimeControl "40/5400+30:1800+30"]

1. Nf3 d5 2. d4 Nf6 3. c4 c6 4. g3 Bg4 5. Ne5 Bf5 6. cxd5 {[%emt 0:00:25] D11: Slav Defence: 3 Nf3 sidelines and 3...Nf6 4 e3 Bg4.} Qxd5 7. f3 Bxb1 8. Rxb1 Qxa2 9. Bd2 Nbd7 10. e4 Nxe5 11. dxe5 Nd7 12. Bc3 Nc5 $146 ({Predecessor:} 12... Nb6 13. Ra1 Qe6 14. h4 Qd7 15. Qb3 e6 16. Rh2 Qc7 17. Rd2 Be7 18. f4 O-O {0-1 Milikow,Y (2394)-Kramnik,V (2753) Titled Tuesday intern op 23rd May Late blitz 2023 (4)}) 13. Ra1 Qb3 14. Qxb3 Nxb3 15. Ra3 Nc5 16. b4 Ne6 17. b5 Nc7 18. bxc6 bxc6 19. Bc4 e6 20. Ra5 Be7 21. Ke2 O-O 22. Rha1 Nb5 23. Bxb5 cxb5 24. Rxb5 Rfc8 25. Bd4 a6 26. Rba5 Rc6 27. R1a2 g6 28. Be3 Kg7 29. f4 h5 30. R5a4 Bd8 31. Bd2 a5 32. Rb2 (32. Bxa5 Rca6 33. Bxd8 Rxa4 34. Rxa4 Rxa4 $19) 32... Rb6 33. Rxb6 Bxb6 34. Be3 Bxe3 35. Kxe3 h4 36. gxh4 Kh6 37. Kf3 Kh5 38. Kg3 Rb8 39. Rxa5 Rb3+ 40. Kg2 Kg4 41. Ra2 Re3 42. h3+ Rxh3 43. Ra7 Rg3+ 44. Kh2 Re3 45. Rxf7 Re2+ 46. Kg1 Kg3 47. Kf1 Rf2+ 48. Kg1 Re2 (48... Rxf4 $5 49. Rf6 $8 Rxe4 50. Rxg6+ Kxh4 $11) 49. Kf1 Rf2+ 50. Kg1 $1 Re2 (50... Rb2 $5 51. Kf1 $8 Rf2+ $11) 1/2-1/2

[Event "Prague Festival Challengers 2024"]
[Site "Prague"]
[Date "2024.02.29"]
[Round "3.2"]
[White "Finek, Vaclav"]
[Black "Mishra, Abhimanyu"]
[Result "0-1"]
[ECO "D23"]
[WhiteElo "2416"]
[BlackElo "2627"]
[Annotator "TA"]
[PlyCount "124"]
[EventDate "2024.02.22"]
[EventType "tourn"]
[EventCountry "CZE"]
[SourceTitle "playchess.com"]
[Source "ChessBase"]
[SourceQuality "1"]
[TimeControl "40/5400+30:1800+30"]

1. d4 d5 2. c4 c6 3. Nf3 Nf6 4. Qc2 dxc4 5. Qxc4 Bf5 6. g3 e6 7. Bg2 Be7 8. O-O {[%emt 0:00:06] D23: Queen's Gambit Accepted: 3 Nf3 Nf6 sidelines.} O-O 9. Rd1 Nbd7 10. e3 Bg6 {[%emt 0:00:11] 10...Qb6 is a critical line.} 11. Qe2 Qb8 $5 {[%emt 0:00:22][%mdl 4] An interesting side line.} 12. h3 $146 ({Predecessor:} 12. Nc3 b5 13. Nd2 Bh5 14. f3 Bg6 15. e4 b4 16. Ncb1 c5 17. dxc5 Nxc5 18. Nc4 {1-0 Berg,M (2331)-Rosenthal,J (2315) EU-Cup 34th Porto Carras 2018 (6.4)}) 12... Re8 13. Nc3 Bb4 14. Bd2 e5 15. a3 Bxc3 16. Bxc3 e4 17. Nh4 Nd5 18. Rdc1 Qd6 19. Rc2 f5 20. Bd2 Qf6 21. Nxg6 hxg6 22. a4 a6 23. Rac1 (23. b4 $142) 23... Re6 24. Qc4 Kh7 25. Qb3 b5 26. Ra1 Rf8 27. axb5 axb5 28. h4 N7b6 29. Bb4 Rf7 30. Bc5 (30. Rc5 $11 {might be stronger.}) 30... Na4 (30... Nc4 $15 31. Rxc4 bxc4 32. Qxc4 Rb7) 31. Qa3 Nxc5 32. Qxc5 g5 33. hxg5 Qxg5 34. Ra7 (34. Rd2 {keeps more tension.} Rh6 35. Qc1 Nxe3 36. fxe3 Qxe3+ 37. Rf2) 34... Rxa7 35. Qxa7 Qg4 36. Qa1 $1 Rg6 37. Qf1 Rh6 38. Qe2 Qxe2 39. Rxe2 Nb4 40. Rd2 Rd6 41. Bf1 Rd8 42. Kg2 g5 43. Rd1 Ra8 44. Be2 Ra2 45. Rd2 $2 (45. Rb1 $11) 45... g4 $19 46. Kf1 (46. d5 $142 Nxd5 47. Bxb5 Nxe3+ 48. fxe3 cxb5 49. Kf2) 46... Kg6 $19 47. Kg1 Kf6 48. d5 $2 (48. Kf1) 48... Nxd5 $19 ({Less strong is} 48... cxd5 49. Bxb5 Ra1+ 50. Kg2 $17) 49. Bxb5 cxb5 50. Rxd5 Rxb2 51. Kf1 Ke6 52. Rc5 b4 53. Rb5 b3 54. Ke1 Kd6 55. Rxf5 Rc2 56. Kd1 Rc5 57. Rf6+ Kc7 58. Rf7+ Kc6 59. Rf6+ Kb5 60. Rf8 Kb4 61. Re8 b2 62. Rb8+ Rb5 0-1